Map: Winter's Gate LE

Players

siso

  • Race: Zerg Zerg
  • League: Master
  • Spawn Location: 5:00

Mez - Winner!

  • Race: Terran Terran
  • League: Master
  • Spawn Location: 11:00

VOD

Have the link to the VOD?

Description

Time

  • Played on: Sept. 9, 2019, 10:45 a.m.
  • Length: 10:54
Show
View Real Time Build Order
Export as new Build Order

siso Zerg 

Build Orders: Hatch First 

Get SALT Encoding   

  12  0:02  Drone  
  13  0:13  Overlord  
  13  0:17  Drone  
  14  0:31  Drone x2  
  16  0:48  Hatchery  
  15  0:51  Drone  
  15  0:55  Drone  
  17  0:58  Drone  
  18  1:10  Extractor  
  17  1:14  Spawning Pool  
  17  1:17  Drone  
  17  1:20  Drone  
  18  1:30  Drone  
  19  1:40  Drone  
  20  1:50  Drone  
  21  2:02  Queen x2, Zergling x2  
  21  2:03  Zergling x2  
  27  2:16  Hatchery  
  27  2:21  Overlord  
  26  2:25  Metabolic Boost  
  26  2:29  Drone  
  27  2:34  Drone  
  27  2:40  Queen  
  29  2:46  Drone x2  
  29  2:48  Drone  
  32  2:53  Overlord  
  32  2:58  Drone x2  
  32  3:02  Drone  
  35  3:05  Drone  
  38  3:12  Drone x2  
  38  3:13  Drone  
  38  3:15  Drone  
  38  3:19  Queen  
  42  3:23  Overlord  
  42  3:28  Queen  
  42  3:29  Drone  
  42  3:32  Drone  
  46  3:42  Drone  
  46  3:43  Drone x4  
  51  3:49  Zergling x2  
  51  3:50  Zergling x10  
  57  4:09  Overlord  
  57  4:10  Overlord  
  57  4:18  Overlord  
  57  4:19  Overlord x2  
  57  4:20  Lair  
  57  4:23  Extractor  
  55  4:24  Extractor  
  55  4:27  Queen x2  
  58  4:34  Baneling Nest, Drone x7  
  64  4:44  Zergling x4  
  64  4:45  Zergling x8  
  69  4:54  Drone  
  69  4:55  Drone x4  
  74  5:02  Overlord  
  74  5:03  Baneling Nest  
  70  5:17  Spore Crawler  
  62  5:25  Zergling x10  
  62  5:28  Drone x3  
  70  5:40  Drone x10  
  78  5:45  Evolution Chamber  
  78  5:46  Evolution Chamber  
  76  5:51  Drone x3  
  76  5:53  Drone x2  
  76  5:55  Overseer  
  81  6:09  Extractor x2  
  79  6:11  Centrifical Hooks  
  79  6:13  Zerg Melee Weapons Level 1  
  79  6:16  Drone x2  
  81  6:19  Zerg Ground Armor Level 1  
  81  6:21  Hatchery  
  81  6:24  Overseer  
  80  6:31  Overseer  
  80  6:41  Drone x3  
  80  6:42  Drone x3  
  80  6:43  Overlord x2  
  86  6:52  Drone  
  86  6:53  Hydralisk Den  
  86  6:55  Baneling x10  
  86  6:56  Zergling x16  
  86  6:57  Zergling x2  
  86  6:58  Overlord  
  95  7:17  Overlord x3  
  95  7:24  Hydralisk x8  
  111  7:31  Drone  
  106  7:43  Zergling x12  
  100  7:52  Zergling x10  
  103  8:03  Baneling x4  
  103  8:04  Zergling x2  
  103  8:05  Zergling x12  
  91  8:13  Hydralisk  
  91  8:14  Hydralisk  
  89  8:21  Baneling x6  
  89  8:25  Hydralisk x3, Baneling x4  
  89  8:26  Hydralisk x4  
  100  8:29  Zergling x2  
  100  8:30  Zergling x22  
  105  8:48  Hydralisk x3  
  105  8:49  Hydralisk  
  105  8:53  Extractor  
  102  9:01  Baneling x7  
  102  9:02  Zergling x16  
  110  9:03  Zergling x8  
  110  9:04  Baneling x7  
  114  9:11  Hatchery  
  112  9:18  Zergling x6  
  112  9:20  Overlord  
  112  9:31  Zergling x4  
  112  9:36  Overlord x3  
  102  9:47  Zergling x14  
  106  9:55  Baneling x2  
  106  9:56  Hydralisk x7, Baneling x11  
  120  10:02  Infestation Pit  
  120  10:05  Zergling x2  
  120  10:06  Zergling x4  
  122  10:19  Overlord x2  
  122  10:23  Drone x7  
  122  10:27  Hatchery  
Show
View Real Time Build Order
Export as new Build Order

Mez Terran - Winner!

Build Orders: Liberator Opening, Reaper Expand 

Get SALT Encoding   

  12  0:00  SCV  
  13  0:13  SCV  
  14  0:17  Supply Depot  
  15  0:28  SCV  
  15  0:39  Barracks  
  15  0:42  Refinery  
  15  0:45  SCV  
  17  0:57  SCV  
  17  1:09  SCV  
  18  1:26  Orbital Command, Reaper  
  19  1:39  Command Center  
  19  1:47  Supply Depot  
  19  1:52  SCV  
  20  1:58  Marine  
  21  2:04  SCV  
  22  2:12  Factory  
  22  2:16  Refinery  
  22  2:17  SCV  
  22  2:20  Barracks Reactor  
  23  2:40  SCV  
  24  2:52  SCV, Orbital Command  
  25  2:59  Starport  
  25  3:03  Hellion x2  
  25  3:04  SCV  
  30  3:07  Barracks Tech Lab  
  30  3:16  SCV  
  31  3:20  Liberator, SCV  
  31  3:24  Hellion  
  31  3:26  Supply Depot  
  34  3:28  Hellion  
  34  3:31  SCV  
  34  3:32  SCV  
  41  3:43  SCV  
  42  3:51  SCV, Hellion x2  
  47  4:00  Marine  
  47  4:01  SCV  
  48  4:03  SCV  
  48  4:09  Supply Depot  
  49  4:13  SCV  
  49  4:15  SCV  
  51  4:28  SCV  
  52  4:33  Command Center  
  52  4:36  Starport Reactor, Supply Depot  
  52  4:37  Factory Tech Lab  
  52  4:38  Barracks  
  52  4:39  SCV  
  52  4:41  SCV  
  52  4:45  Marine, Stimpack  
  54  4:46  Barracks  
  55  4:59  SCV x2  
  57  5:03  Marine  
  57  5:04  Engineering Bay  
  57  5:05  Engineering Bay  
  52  5:21  Marine  
  52  5:23  SCV  
  52  5:24  SCV  
  52  5:25  Refinery  
  52  5:27  Refinery  
  55  5:35  Marine, SCV  
  55  5:36  SCV  
  55  5:37  Terran Infantry Armor Level 1, Terran Infantry Weapons Level 1  
  55  5:39  Marine, Siege Tank  
  55  5:41  Marine  
  60  5:47  Orbital Command  
  60  5:49  Starport Reactor  
  60  5:53  Marine x3  
  60  5:57  Marine, SCV x2  
  63  5:59  Marine  
  63  6:02  Supply Depot  
  67  6:04  Supply Depot  
  67  6:11  Marine x2, Siege Tank, SCV x2  
  67  6:14  Orbital Command  
  74  6:24  Medivac  
  74  6:25  Marine, Medivac, Armory  
  78  6:26  Marine x2, Supply Depot  
  78  6:29  Marine  
  78  6:31  SCV x2  
  84  6:41  Marine, SCV  
  84  6:43  Marine x2, SCV  
  84  6:44  Marine  
  84  6:45  Barracks  
  84  6:46  Siege Tank, Barracks  
  93  6:47  Combat Shield  
  93  6:54  Supply Depot  
  93  6:55  SCV x3  
  93  6:56  Marine  
  93  6:59  Marine, Medivac x2  
  102  7:01  Marine  
  102  7:06  Marine x2  
  102  7:07  SCV x2  
  107  7:13  SCV  
  107  7:14  Marine  
  109  7:18  Supply Depot  
  109  7:19  SCV x2  
  109  7:20  Supply Depot  
  109  7:22  Terran Vehicle Weapons Level 1  
  111  7:23  Siege Tank  
  113  7:42  Marine x5  
  108  7:44  Barracks Reactor x2  
  108  7:48  Medivac x2  
  112  7:55  Siege Tank  
  115  7:59  Marine  
  109  8:07  Marine  
  109  8:10  Marine  
  109  8:12  Marine  
  103  8:13  Marine  
  103  8:17  Marine  
  103  8:19  Refinery  
  108  8:23  Marine x4, Refinery  
  108  8:25  Marine, Command Center  
  113  8:27  Siege Tank, Barracks, Terran Infantry Weapons Level 2  
  113  8:28  Marine, Barracks  
  113  8:29  Terran Infantry Armor Level 2  
  113  8:30  Barracks  
  113  8:33  Supply Depot x2  
  115  8:34  Marine x2  
  115  8:35  Marine  
  115  8:38  SCV x3  
  121  8:41  Marine x3  
  121  8:43  Supply Depot  
  121  8:44  Marine  
  121  8:45  Supply Depot  
  118  8:56  Marine x4, Supply Depot  
  118  8:57  Supply Depot  
  118  9:01  Marine x4  
  126  9:08  Siege Tank  
  129  9:13  Factory, Medivac  
  129  9:21  Marine x6  
  129  9:22  Barracks Tech Lab x2  
  129  9:23  Marine x3, Barracks Tech Lab  
  136  9:25  SCV  
  136  9:27  SCV x2  
  136  9:38  Marine  
  136  9:39  Marine x3  
  139  9:49  Marine x3  
  139  9:50  Marauder x4  
  139  9:51  Concussive Shells  
  150  9:57  Marine x3  
  153  10:05  Refinery  
  153  10:10  Supply Depot, Refinery  
  153  10:14  Supply Depot  
  153  10:25  Marine x8, Marauder x4  
  153  10:27  Factory Tech Lab  
Tags
 
Add a new tag
Caveats
  • Supply blocks, unpowered buildings, or Contaminate may cause inaccurate times.
  • Supply counts are checked every 10 seconds.